 Dungeon Crawl Stone Soup version 0.25.1-9-gc5326a611f (webtiles) character file.

Game seed: 1332703926605677940

147 raceaflais the Chopper (level 5, -3/47 HPs)
             Began as a Hill Orc Monk on Dec 29, 2020.
             Was an Initiate of Vehumet.
             Slain by Pikel
             ... wielding a +2 whip of electrocution
              (11 damage)
             ... on level 4 of the Dungeon.
             The game lasted 00:08:48 (3091 turns).

raceaflais the Chopper (Hill Orc Monk)              Turns: 3091, Time: 00:08:49

Health: -3/47      AC: 10    Str: 19      XL:     5   Next: 29%
Magic:  5/5        EV:  8    Int:  9 (10) God:    Vehumet [......]
Gold:   115        SH:  0    Dex: 13      Spells: 4/4 levels left

rFire    . . .     SeeInvis .   j - +4 long sword "Wonged" {elec, Str+4}
rCold    . . .     Gourm    .   (no shield)
rNeg     . . .     Faith    .   d - +0 chain mail
rPois    .         Spirit   .   g - +2 hat
rElec    .         Reflect  .   (no cloak)
rCorr    .         Harm     .   (no gloves)
MR       .....                  (no boots)
Stlth    ..........             u - amulet of regeneration
HPRegen  0.55/turn              (no ring)
MPRegen  0.09/turn              (no ring)

@: mighty, lethally poisoned (-3 -> -4)
A: no striking features
a: Renounce Religion


You were on level 4 of the Dungeon.
You worshipped Vehumet.
Vehumet was noncommittal.
You were not hungry.

You visited 1 branch of the dungeon, and saw 4 of its levels.

You collected 115 gold pieces.

Inventory:

Hand Weapons
 a - a +0 hand axe
 j - the +4 long sword "Wonged" (weapon) {elec, Str+4}
   (You found it on level 4 of the Dungeon)

   Occasionally, upon striking a foe, it will discharge some electrical energy
   and cause terrible harm.
   It affects your strength (+4).
 k - a +2 dagger of venom
 l - a +0 war axe
Missiles
 f - 43 bolts
 m - 19 poisoned darts (quivered)
 t - 4 silver javelins
Armour
 b - a +0 robe
 d - a +0 chain mail (worn)
 g - a +2 hat (worn)
 i - a +0 leather armour
Jewellery
 u - an amulet of regeneration (around neck)
Scrolls
 n - a scroll of amnesia
 o - a scroll of teleportation
 r - a scroll of magic mapping
 s - a scroll of remove curse
Comestibles
 c - 8 rations
 q - a chunk of flesh


   Skills:
 + Level 4.5 Fighting
 + Level 1.1 Short Blades
 + Level 5.4 Axes
 + Level 1.2 Armour
 + Level 3.0 Dodging
 + Level 2.0 Stealth


You had 4 spell levels left.
You didn't know any spells.
Your spell library was empty.

Dungeon Overview and Level Annotations

Branches:
Dungeon (4/15)
 Temple: D:4-7

Altars:
Sif Muna
Vehumet
Yredelemnul
The Shining One

Annotations:
D:4 Pikel


Message History

Your Short Blades skill increases to level 1!
Pikel hits you but does no damage.
You feel sick.
You completely miss the slave.
The slave is heavily wounded.
You feel sick. The slave barely misses you.
You riposte.
You slice the slave!! Lightning courses through the slave!
You kill the slave!
That felt strangely unrewarding.
The slave barely misses you.
Pikel hits you with a +2 whip of electrocution.
You are electrocuted!
* * * LOW HITPOINT WARNING * * *
You are too injured to fight recklessly!
You are too injured to fight recklessly!
You are too injured to fight recklessly!
You hit Pikel.
Pikel is lightly wounded.
You feel sick. The slave hits you but does no damage.
Pikel hits you but does no damage.
You are electrocuted!
You die...

+.?...............?
#.##.......%..#
#.............###
#.................
..............###..
#.##....?.....# #
#...p......#
#.#.##.pKp......#
#......@...######
...........#
......>........
.#..#####..#### #..
#..# ... ..# . ..#
..#


You could see Pikel and 3 slaves.

Vanquished Creatures
  A slave (D:4)
  An orc wizard (D:3)
  A bullfrog skeleton (D:3)
  A worker ant (D:4)
  4 adders
  2 leopard geckos
  3 orcs (D:3)
  A giant cockroach (D:2)
  4 goblins
  4 hobgoblins
  2 jackals (D:2)
  A quokka (D:3)
  3 bats
  3 kobolds
  A rat (D:1)
32 creatures vanquished.

Notes
Turn   | Place    | Note
-------+----------+-------------------------------------------
     0 | D:1      | raceaflais the Hill Orc Monk began the quest for the Orb.
     0 | D:1      | Reached XP level 1. HP: 19/19 MP: 1/1
    26 | D:1      | Found a glowing golden altar of the Shining One.
    94 | D:1      | Became a worshipper of the Shining One
    94 | D:1      | Reached * piety under the Shining One
    94 | D:1      | Reached ** piety under the Shining One
   461 | D:1      | Reached XP level 2. HP: 17/27 MP: 2/2
   933 | D:2      | Reached XP level 3. HP: 17/33 MP: 3/3
  2004 | D:3      | Reached skill level 5 in Axes
  2004 | D:3      | Reached XP level 4. HP: 41/41 MP: 4/4
  2050 | D:3      | Found a basalt altar of Yredelemnul.
  2053 | D:3      | Found a shimmering blue altar of Sif Muna.
  2055 | D:3      | Found a radiant altar of Vehumet.
  2062 | D:3      | Fell from the grace of the Shining One
  2062 | D:3      | Became a worshipper of Sif Muna the Loreminder
  2079 | D:3      | Fell from the grace of Sif Muna
  2079 | D:3      | Became a worshipper of Vehumet
  2530 | D:3      | Reached skill level 1 in Armour
  2530 | D:3      | Reached XP level 5. HP: 44/47 MP: 5/5
  3070 | D:4      | Noticed Pikel
  3070 | D:4      | Noticed a slave
  3078 | D:4      | Got an ichor-stained long sword
  3079 | D:4      | Identified the +4 long sword "Wonged" {elec, Str+4} (You
                  | found it on level 4 of the Dungeon)
  3081 | D:4      | Noticed a slave
  3082 | D:4      | Noticed a slave
  3085 | D:4      | Noticed a slave
  3088 | D:4      | Reached skill level 1 in Short Blades
  3090 | D:4      | Killed a slave
  3091 | D:4      | Slain by Pikel

Illustrated notes

Levels and vault maps discovered:
D:1:      lightli_arrival_statuegarden, layout_loops_cross, tso_metal_star
D:2:      layout_basic
D:3:      layout_basic, grunt_temple_overflow_open, first_ration,
          hangedman_decor_points
D:4:      layout_basic, minmay_temple_entry_purple_smoke, uniq_pikel,
          uniq_eustachio, uniq_duvessa, uniq_natasha

Skill      XL: |  1  2  3  4  5 |
---------------+----------------+-----
Fighting       | 4 |  4.5
Axes           | 5 |  5.4
Dodging        | 3 |  3.0
Stealth        | 2 |  2.0
Armour         | 1 |  1.2
Short Blades   | 1 |  1.1

Action                   |  1- 3 |  4- 6 || total
-------------------------+-------+-------++-------
Melee: Hand axe          |    38 |       ||    38
       Dagger            |    21 |    35 ||    56
       Long sword        |       |     6 ||     6
  Use: Scroll            |     6 |     3 ||     9
       Potion            |     5 |     6 ||    11
 Stab: Sleeping          |     1 |       ||     1
  Eat: Ration            |     1 |       ||     1
       Chunk             |       |     3 ||     3
Armor: Robe              |     6 |       ||     6
       Chain mail        |    23 |    31 ||    54
Dodge: Dodged            |    24 |    18 ||    42
       Rpst.: Long sword |       |     3 ||     3
